Map: [ESL] Tropical Sacrifice

Players

AZTEX

  • Race: Protoss Protoss
  • Spawn Location: 1:00

Dolan - Winner!

  • Race: Terran Terran
  • League: Diamond
  • Spawn Location: 7:00

Event: DreamHack SC2 Masters 2022 Valencia

VOD

Have the link to the VOD?

Description

Time

  • Played on: July 1, 2022, 6:28 a.m.
  • Length: 9:22

All games in this series

Show
View Real Time Build Order
Export as new Build Order

AZTEX Protoss 

Build Orders: Oracle Opening, Zealot Archon 

Get SALT Encoding   

  12  0:00  Probe  
  13  0:12  Probe  
  14  0:18  Pylon  
  14  0:24  Probe (Chrono Boost)  
  15  0:37  Probe (Chrono Boost)  
  15  0:39  Gateway  
  16  0:45  Probe (Chrono Boost)  
  16  0:48  Assimilator  
  17  0:51  Probe  
  18  1:03  Probe  
  19  1:15  Probe  
  20  1:27  Probe  
  20  1:31  Cybernetics Core  
  21  1:47  Nexus  
  21  1:52  Pylon  
  21  1:56  Assimilator  
  21  2:00  Probe  
  21  2:11  Adept  
  21  2:12  Probe (Chrono Boost)  
  25  2:23  Probe (Chrono Boost)  
  25  2:26  Stargate  
  25  2:30  Warp Gate  
  25  2:35  Probe  
  26  2:44  Adept  
  28  2:47  Probe (Chrono Boost)  
  29  2:58  Probe (Chrono Boost)  
  30  2:59  Pylon  
  30  3:02  Probe (Chrono Boost)  
  31  3:06  Shield Battery  
  31  3:08  Probe  
  32  3:16  Oracle (Chrono Boost)  
  35  3:22  Adept  
  38  3:27  Probe (Chrono Boost)  
  38  3:28  Probe (Chrono Boost)  
  39  3:36  Assimilator  
  39  3:38  Probe (Chrono Boost)  
  39  3:41  Probe (Chrono Boost)  
  41  3:44  Probe (Chrono Boost)  
  38  3:50  Oracle  
  38  3:51  Probe  
  42  3:57  Probe  
  41  4:03  Probe  
  41  4:07  Twilight Council  
  41  4:09  Probe  
  43  4:16  Probe  
  44  4:21  Probe  
  45  4:28  Phoenix (Chrono Boost), Probe  
  48  4:33  Probe (Chrono Boost)  
  48  4:36  Pylon  
  49  4:44  Probe (Chrono Boost), Phoenix (Chrono Boost)  
  49  4:45  Probe (Chrono Boost)  
  54  4:54  Charge (Chrono Boost), Probe x2 (Chrono Boost)  
  54  4:59  Pylon  
  55  5:04  Probe  
  55  5:05  Probe  
  57  5:09  Phoenix  
  57  5:11  Nexus  
  59  5:16  Probe  
  59  5:17  Probe  
  61  5:27  Stalker  
  57  5:34  Probe (Chrono Boost)  
  51  5:37  Probe (Chrono Boost)  
  51  5:45  Probe (Chrono Boost)  
  51  5:46  Shield Battery  
  51  5:49  Probe (Chrono Boost)  
  53  5:50  Probe (Chrono Boost)  
  53  5:52  Gateway  
  53  5:53  Gateway  
  54  5:57  Probe  
  54  6:00  Phoenix, Probe  
  54  6:03  Sentry  
  60  6:10  Probe  
  61  6:12  Pylon, Probe  
  62  6:22  Probe  
  62  6:24  Probe x2  
  63  6:27  Gateway  
  63  6:29  Gateway  
  63  6:34  Templar Archives, Probe  
  63  6:36  Probe  
  63  6:37  Probe  
  66  6:46  Stalker  
  65  6:47  Probe, Zealot  
  65  6:49  Assimilator  
  65  6:51  Probe  
  69  6:55  Probe  
  69  7:00  Forge  
  70  7:02  Phoenix  
  70  7:07  Gateway  
  72  7:11  Pylon  
  72  7:13  High Templar  
  74  7:16  Shield Battery  
  74  7:20  High Templar  
  74  7:21  Shield Battery  
  74  7:24  Archon  
  67  7:31  Zealot x3  
  68  7:39  Probe  
  68  7:41  Probe  
  68  7:42  Probe  
  53  7:48  High Templar  
  53  7:51  High Templar  
  55  7:52  High Templar x2  
  55  7:55  Archon  
  55  7:57  Archon  
  59  7:59  Zealot  
  59  8:01  Shield Battery  
  59  8:03  Pylon  
  59  8:04  Robotics Facility  
  60  8:10  Zealot  
  60  8:12  Probe  
  61  8:19  Probe  
  62  8:21  Gateway  
  62  8:24  Zealot x3  
  62  8:26  Sentry  
  62  8:27  Sentry  
  72  8:29  Probe  
  71  8:42  Pylon  
  65  8:49  Zealot x5  
  75  8:59  High Templar  
  70  9:05  Probe  
  55  9:11  High Templar  
  55  9:12  Zealot x4  
  55  9:15  Archon  
Show
View Real Time Build Order
Export as new Build Order

Dolan Terran - Winner!

Build Orders:  

Get SALT Encoding   

  12  0:00  SCV  
  13  0:12  SCV  
  14  0:17  Supply Depot  
  14  0:24  SCV  
  15  0:39  SCV  
  15  0:40  Barracks  
  16  0:44  Refinery  
  16  0:51  SCV  
  16  0:54  Refinery  
  17  1:03  SCV  
  18  1:08  Supply Depot  
  18  1:15  SCV  
  19  1:30  Marine  
  19  1:32  Orbital Command  
  20  1:46  Factory  
  20  1:55  Barracks Reactor  
  20  1:58  SCV  
  21  2:10  SCV  
  22  2:19  Command Center  
  22  2:22  SCV  
  23  2:34  SCV  
  23  2:35  Supply Depot  
  23  2:37  Reaper  
  25  2:43  Hellion x2  
  29  2:46  SCV  
  30  2:58  SCV  
  30  3:04  Hellion x2  
  35  3:08  Starport  
  35  3:10  Barracks Tech Lab  
  35  3:16  SCV  
  36  3:28  SCV  
  36  3:32  Orbital Command  
  37  3:36  Cyclone  
  37  3:38  Marine x2  
  40  3:49  Starport Tech Lab  
  40  3:50  SCV  
  40  3:54  Viking  
  37  4:05  Marine x2  
  37  4:06  SCV x2  
  41  4:15  Barracks, Supply Depot, Cyclone  
  44  4:23  Marine x2  
  46  4:27  Viking  
  46  4:31  SCV x2  
  50  4:38  Barracks  
  50  4:40  Marine x2  
  50  4:43  SCV x2  
  50  4:44  Supply Depot  
  54  4:49  Cyclone  
  57  4:56  SCV x2  
  57  5:11  Barracks Tech Lab, Marine x2  
  57  5:12  SCV x2  
  58  5:29  Marine x2  
  58  5:32  SCV x2  
  54  5:37  Marine x2  
  54  5:40  Factory Reactor  
  54  5:41  Starport Reactor, Stimpack  
  51  5:44  Engineering Bay, SCV x2  
  51  5:47  Refinery, Supply Depot  
  53  5:52  Marine x2  
  53  5:55  Marine x2, Combat Shield  
  57  5:57  SCV x2  
  57  5:59  Refinery  
  59  6:14  Marine x2, Terran Infantry Weapons Level 1  
  59  6:15  Marine x2  
  59  6:16  SCV x2  
  64  6:26  Medivac, Widow Mine x2  
  64  6:27  Medivac  
  64  6:32  SCV x2, Supply Depot x2  
  74  6:33  Marine x3  
  74  6:34  Marine  
  76  6:51  Widow Mine  
  76  6:53  Missile Turret, Marine x2  
  76  6:54  Marauder x2, Widow Mine  
  86  6:57  Missile Turret  
  86  7:01  SCV x2  
  88  7:12  Widow Mine  
  88  7:13  SCV  
  88  7:15  Widow Mine  
  93  7:34  Medivac x2  
  92  7:41  Marine, Marauder x2  
  94  7:50  Command Center  
  94  7:51  Marine  
  94  7:52  SCV x2, Widow Mine x2  
  101  8:00  Barracks  
  101  8:01  Supply Depot  
  101  8:02  Barracks  
  101  8:05  Medivac  
  102  8:08  Medivac  
  102  8:12  Marauder  
  102  8:17  Marine x2, Marauder  
  102  8:18  Supply Depot  
  102  8:19  Supply Depot  
  106  8:20  Ghost Academy  
  106  8:25  SCV x2  
  104  8:41  Medivac x2  
  104  8:42  Widow Mine x2  
  107  8:50  Barracks Tech Lab, Barracks Reactor  
  107  8:51  Ghost x2, Marine x2  
  113  9:07  SCV  
  113  9:08  SCV  

Tags
 
Add a new tag
Caveats
  • Supply blocks, unpowered buildings, or Contaminate may cause inaccurate times.
  • Supply counts are checked every 10 seconds.